 Dungeon Sprint DCSS version 0.23-a0-344-ge122d05 (webtiles) character file.

13558 Fang the Severer (level 12, 0/132 HPs)
             Began as a Gargoyle Berserker on Oct 18, 2018.
             Was the Champion of Trog.
             Slain by Saint Roka
             ... wielding a +0 long sword
              (6 damage)
             ... in the Dungeon (Sprint VII: "The Pits").
             The game lasted 00:06:16 (2840 turns).

Fang the Severer (Gargoyle Berserker)               Turns: 2840, Time: 00:06:16

Health: 0/132      AC: 25    Str: 33    XL:     12   Next: 7%
Magic:  4/4        EV: 12    Int: 12    God:    Trog [******]
Gold:   30         SH:  0    Dex:  9    Spells: 11/11 levels left

rFire    + + .     SeeInvis .   j - +4 battleaxe (antimagic)
rCold    . . .     Gourm    +   (shield currently unavailable)
rNeg     + . .     Faith    .   n - +3 chain mail
rPois    ∞         Spirit   .   (no helmet)
rElec    +         Reflect  .   (no cloak)
rCorr    .         Harm     .   (no gloves)
MR       .....     NoTele   +   (no boots)
Stlth    ..........             z - amulet of Gyec {Gourm rF++}
HPRegen  0.32/turn              p - +3 ring of intelligence
MPRegen  0.09/turn              r - +3 ring of strength

@: berserking, very quick
A: negative energy resistance 1, electricity resistance, unbreathing,
petrification resistance, rot immunity, AC +8
a: Berserk, Trog's Hand, Brothers in Arms, Renounce Religion


You were in the Dungeon.
You worshipped Trog.
Trog was exalted by your worship.
You were very hungry.

You visited 1 branch You collected 30 gold pieces.

Inventory:

Hand Weapons
 b - a +4 broad axe of venom
 j - a +4 antimagic battleaxe (weapon)
 s - a +2 war axe of freezing
 t - a +2 antimagic executioner's axe
Armour
 n - a +3 chain mail (worn)
Jewellery
 p - a +3 ring of intelligence (left hand)
 r - a +3 ring of strength (right hand)
 y - an uncursed ring of positive energy
 z - the amulet of Gyec (around neck) {Gourm rF++}
   (You found it in the Dungeon)

   [amulet of the gourmand]

   It allows you to eat raw meat even when not hungry.
   It greatly protects you from fire.
Wands
 A - a wand of flame (34)
Scrolls
 i - 3 scrolls of blinking
 k - 3 scrolls of remove curse
 l - a scroll of summoning
 u - 2 scrolls of fog
 v - 5 scrolls of identify
 w - a scroll of fear
 x - 2 scrolls of enchant armour
Potions
 a - 2 potions of invisibility
 d - 10 potions of curing
 e - 16 potions of heal wounds
 f - 2 potions of haste
 g - 4 potions of magic
 h - 3 potions of berserk rage
 o - a potion of flight {unknown}
 q - 3 potions of agility
Comestibles
 c - 8 rations


   Skills:
 + Level 15.8 Fighting
 + Level 17.8 Axes
 + Level 14.3 Armour
 + Level 7.5 Dodging
 + Level 5.1 Stealth


You had 11 spell levels left.
You didn't know any spells.
Your spell library was empty.

Dungeon Overview and Level Annotations

Branches:
Dungeon (1/1)

Altars:
Ashenzari
Cheibriados
Dithmenos
Elyvilon
Fedhas
Gozag
Hepliaklqana
Kikubaaqudgha
Makhleb
Nemelex Xobeh
Okawaru
Qazlal
Ru
Sif Muna
Trog
Uskayaw
Vehumet
Wu Jian
Xom
Yredelemnul
Zin
The Shining One
Beogh
Jiyva
Lugonu

Annotations:
D Saint Roka


Innate Abilities, Weirdness & Mutations

You are resistant to torment.
Your stone body is resilient. (AC +8)
You are immune to poison.
You resist negative energy. (rN+)
You are resistant to electric shocks. (rElec)
You can survive without breathing.
You are immune to petrification.
You are immune to rotting.


Message History

You kill the ogre!
Trog accepts your kill.
Saint Roka calls down the wrath of Beogh upon you.
Beogh smites you!
* * * LOW HITPOINT WARNING * * *
Your chain mail prevents you from hitting Saint Roka.
Saint Roka is lightly wounded.
Unknown command.
You completely miss Saint Roka.
Saint Roka is lightly wounded.
Saint Roka mumbles some strange prayers to Beogh against you.
Beogh smites you!
* * * LOW HITPOINT WARNING * * *
Unknown command.
You closely miss Saint Roka.
Saint Roka is lightly wounded.
You chop Saint Roka into pieces!!!
Saint Roka is moderately wounded.
Saint Roka hits you with a +0 long sword.
You die...

#++############
#.....)o)......
#....))@)......
#..############
#..# #..# #
#..# # #..# #
#..# # #..#
##########.[#


You could see Saint Roka.

Vanquished Creatures
  A death cob (D)
  A two-headed ogre (D)
  A vampire mage (D)
  An orc high priest (D)
  A shadow wraith (D)
  3 cyclopes (D)
  An elephant (D)
  A spiny frog (D)
  Psyche (D)
  2 freezing wraiths (D)
  An efreet (D)
  A komodo dragon (D)
  A rime drake (D)
  A hornet (D)
  4 blink frogs (D)
  A merfolk (D)
  2 bog bodies (D)
  2 flying skulls (D)
  A tarantella (D)
  A redback (D)
  A spriggan (D)
  A ynoxinul (D)
  4 yaks (D)
  A steam dragon (D)
  5 vampire mosquitoes (D)
  A soldier ant (D)
  A water moccasin (D)
  2 floating eyes (D)
  2 black bears (D)
  Purgy (D)
  4 orc warriors (D)
  An eye of draining (D)
  A phantom (D)
  2 ogres (D)
  4 wolves (D)
  A bullfrog (D)
  A gnoll sergeant (D)
  A quasit (D)
  4 orc priests (D)
  2 orc wizards (D)
  An iguana (D)
  A worker ant (D)
  A mummy (D)
  A river rat (D)
  An adder (D)
  An ufetubus (D)
  A worm (D)
  12 orcs (D)
  A bat (D)
  A bat zombie (D)
  2 hobgoblins (D)
  A frilled lizard (D)
  A leopard gecko zombie (D)
93 creatures vanquished.

Vanquished Creatures (collateral kills)
  An elephant (D)
  A troll (D)
  A tarantella (D)
  A centaur (D)
  An ooze (D)
5 creatures vanquished.

Vanquished Creatures (others)
  Khufu (D)
  2 mummies (D)
3 creatures vanquished.

Grand Total: 101 creatures vanquished

Notes
Turn   | Place    | Note
-------+----------+-------------------------------------------
     0 | D        | Fang the Gargoyle Berserker began the quest for the Orb.
     0 | D        | Reached XP level 1. HP: 14/14 MP: 1/1
    11 | D        | Noticed a floating eye
    18 | D        | Killed a floating eye
    18 | D        | Reached skill level 6 in Axes
    18 | D        | Reached skill level 1 in Stealth
    18 | D        | Reached XP level 2. HP: 23/23 MP: 2/2
    18 | D        | Reached XP level 3. HP: 28/28 MP: 3/3
    18 | D        | Reached XP level 4. HP: 32/32 MP: 4/4
    22 | D        | Found a bloodstained altar of Trog.
    22 | D        | Found a deep blue altar of Sif Muna.
    22 | D        | Found a viscous altar of Jiyva.
    22 | D        | Found a hazy altar of Hepliaklqana.
    22 | D        | Found an opulent altar of Gozag.
    23 | D        | Found a glowing golden altar of the Shining One.
    23 | D        | Found a glowing silver altar of Zin.
    23 | D        | Found a basalt altar of Yredelemnul.
    23 | D        | Found a shimmering altar of Xom.
    23 | D        | Found an ornate altar of the Wu Jian Council.
    23 | D        | Found a sacrificial altar of Ru.
    23 | D        | Found a stormy altar of Qazlal.
    23 | D        | Found an iron altar of Okawaru.
    23 | D        | Found a sparkling altar of Nemelex Xobeh.
    23 | D        | Found a burning altar of Makhleb.
    23 | D        | Found a blossoming altar of Fedhas.
    23 | D        | Found a white marble altar of Elyvilon.
    23 | D        | Found a shadowy altar of Dithmenos.
    23 | D        | Found a snail-covered altar of Cheibriados.
    25 | D        | Found a radiant altar of Vehumet.
    25 | D        | Found a corrupted altar of Lugonu.
    25 | D        | Found a roughly hewn altar of Beogh.
    46 | D        | Killed Khufu
    51 | D        | Upgraded the game from 0.23-a0-339-gbd7f2c8 to
                  | 0.23-a0-344-ge122d05
    65 | D        | Noticed a floating eye
    69 | D        | Killed a floating eye
    69 | D        | Reached skill level 7 in Axes
    69 | D        | Reached XP level 5. HP: 35/39 MP: 5/5
    73 | D        | Reached ** piety under Trog
   112 | D        | Reached *** piety under Trog
   184 | D        | Noticed a black bear
   190 | D        | Reached XP level 6. HP: 45/45 MP: 6/6
   191 | D        | Noticed a flying skull
   192 | D        | Reached **** piety under Trog
   193 | D        | Killed a black bear
   193 | D        | Reached skill level 8 in Axes
   201 | D        | Reached skill level 9 in Axes
   202 | D        | Reached ***** piety under Trog
   202 | D        | Reached skill level 5 in Armour
   204 | D        | Killed a flying skull
   204 | D        | Received a gift from Trog
   204 | D        | Reached skill level 10 in Fighting
   204 | D        | Reached XP level 7. HP: 52/52 MP: 7/7
   206 | D        | Reached skill level 10 in Axes
   207 | D        | Received a gift from Trog
   513 | D        | Reached XP level 8. HP: 59/59 MP: 8/8
   519 | D        | Reached skill level 11 in Axes
   521 | D        | Received a gift from Trog
   558 | D        | Noticed a troll
   572 | D        | Killed a shadow wraith
   572 | D        | Reached skill level 12 in Axes
   572 | D        | Reached skill level 5 in Dodging
   579 | D        | Killed a troll
   625 | D        | Got the +2 halberd of Mutilation {holy, *Contam rN+ SInv}
   818 | D        | Found a hide-covered altar of Uskayaw.
   818 | D        | Found an ancient bone altar of Kikubaaqudgha.
   818 | D        | Found a shattered altar of Ashenzari.
   845 | D        | Reached XP level 9. HP: 59/65 MP: 9/9
   862 | D        | Noticed a komodo dragon
   865 | D        | Reached skill level 13 in Axes
   876 | D        | Killed a komodo dragon
  1171 | D        | Reached ****** piety under Trog
  1171 | D        | Received a gift from Trog
  1173 | D        | Reached skill level 14 in Axes
  1178 | D        | Reached XP level 10. HP: 62/72 MP: 10/10
  1222 | D        | Noticed a cyclops
  1222 | D        | Noticed Purgy
  1229 | D        | Killed Purgy
  1229 | D        | Reached skill level 10 in Armour
  1232 | D        | Killed a cyclops
  1357 | D        | Noticed a spiny frog
  1360 | D        | Killed a spiny frog
  1449 | D        | Noticed a cyclops
  1456 | D        | Killed a cyclops
  1456 | D        | Reached skill level 15 in Axes
  1565 | D        | Noticed an elephant
  1573 | D        | Killed an elephant
  1802 | D        | Noticed an orc high priest
  1824 | D        | Received a gift from Trog
  1835 | D        | Killed an orc high priest
  1836 | D        | Noticed an elephant
  1848 | D        | Killed an elephant
  1848 | D        | Reached XP level 11. HP: 33/80 MP: 11/11
  1849 | D        | Reached skill level 16 in Axes
  2240 | D        | Noticed a death cob
  2240 | D        | Noticed a spriggan rider
  2250 | D        | Killed a death cob
  2437 | D        | Noticed a cyclops
  2438 | D        | Noticed a two-headed ogre
  2441 | D        | Noticed Psyche
  2442 | D        | Received a gift from Trog
  2448 | D        | Received a gift from Trog
  2452 | D        | Killed a two-headed ogre
  2452 | D        | Reached skill level 15 in Fighting
  2452 | D        | Reached skill level 17 in Axes
  2452 | D        | Reached skill level 5 in Stealth
  2455 | D        | Killed Psyche
  2461 | D        | Received a gift from Trog
  2462 | D        | Killed a cyclops
  2630 | D        | Got the amulet of Gyec {Gourm rF++}
  2714 | D        | Received a gift from Trog
  2788 | D        | Noticed a vampire mage
  2801 | D        | Killed a vampire mage
  2801 | D        | Reached XP level 12. HP: 80/88 MP: 4/12
  2817 | D        | Noticed Saint Roka
  2829 | D        | Received a gift from Trog
  2838 | D        | HP: 5/132 [Saint Roka/divine providence (16)]
  2840 | D        | Slain by Saint Roka

Vault maps used:
D:        pitsprint

Skill      XL: |  1  2  3  4  5  6  7  8  9 10 11 |
---------------+----------------------------------+-----
Fighting       | 6 8 10 11 12 14 15 | 15.8
Axes           | 6 7 9 10 12 14 15 17 | 17.8
Armour         | 3 4 5 7 9 12 14 | 14.3
Dodging        | 2 3 4 5 6 7 |  7.5
Stealth        | 1 2 3 4 5 |  5.1

Action                   |  1- 3 |  4- 6 |  7- 9 | 10-12 || total
-------------------------+-------+-------+-------+-------++-------
Melee: Hand axe          |     5 |    35 |     3 |       ||    43
       Broad axe         |       |       |    80 |    57 ||   137
       War axe           |       |       |       |    48 ||    48
       Executioner's axe |       |       |       |    16 ||    16
       Battleaxe         |       |       |       |    30 ||    30
Invok: Berserk           |       |     1 |     2 |     7 ||    10
       Brothers in Arms  |       |       |     1 |     1 ||     2
  Use: Potion            |       |       |     1 |     1 ||     2
 Stab: Sleeping          |     1 |     1 |       |       ||     2
  Eat: Chunk             |       |       |     4 |     7 ||    11
       Ration            |       |       |       |     1 ||     1
Armor: Animal skin       |       |    11 |       |       ||    11
       Chain mail        |       |    12 |    63 |   123 ||   198
Dodge: Dodged            |       |    19 |    46 |   129 ||   194

Table legend:
 A = Non-vault XP
 B = Vault XP
 C = Vault XP percentage of total XP
 D = Non-vault monster count
 E = Vault monster count
 F = Vault count percentage of total count
                 A         B        C        D         E       F
            +---------+---------+-------+---------+---------+-------
      Total |     302 |   19067 |  98.4 |       1 |      97 |  99.0
            +---------+---------+-------+---------+---------+-------
          D |     302 |   19067 |  98.4 |       1 |      97 |  99.0
            +---------+---------+-------+---------+---------+-------
